 Dungeon Crawl Stone Soup version 0.29.0-4-gdea44cf6ec (webtiles) character file.

Game seed: 14771559801949975389

72 qw the Chopper (level 4, -7/26 HPs)
             Began as a Tengu Warper on Aug 29, 2022.
             Mangled by Terence
             ... wielding a +0 flail
              (9 damage)
             ... on level 2 of the Dungeon.
             The game lasted 00:00:11 (1695 turns).

qw the Chopper (Tengu Warper)                       Turns: 1695, Time: 00:00:11

Health: -7/26      AC:  3    Str: 13    XL:     4   Next: 26%
Magic:  8/8        EV: 12    Int: 14    God:
Gold:   36         SH:  0    Dex: 13    Spells: 7/7 levels left

rFire   . . .      SeeInvis .   Y - +0 hand axe
rCold   . . .      Faith    .   (no shield)
rNeg    . . .      Spirit   .   b - +0 leather armour
rPois   .          Reflect  .   (helmet restricted)
rElec   .          Harm     .   (no cloak)
rCorr   .          Rampage  .   (no gloves)
Will    .....                   (boots unavailable)
Stlth   +.........              (no amulet)
HPRegen 0.08/turn               (no ring)
MPRegen 0.11/turn               (no ring)

@: no status effects
A: beak, talons 3
a: no special abilities


You were on level 2 of the Dungeon.
You visited 1 branch of the dungeon, and saw 2 of its levels.

You collected 36 gold pieces.


Innate Abilities, Weirdness & Mutations

You have a beak for a mouth.
You have claws for feet.


   Skills:
 - Level 2.0 Fighting
 + Level 4.8 Axes
 - Level 1.0 Throwing
 - Level 1.1 Armour
 - Level 2.1 Dodging
 - Level 2.0 Spellcasting
 - Level 2.4 Translocations


You had 7 spell levels left.
You didn't know any spells.
Your spell library contained the following spells:

 Spells                   Type           Power      Damage    Failure   Level
 Blink                    Tloc           16%        N/A       17%         2
 Gell's Gravitas          Tloc           8%         N/A       34%         3
 Lesser Beckoning         Tloc           8%         N/A       34%         3
 Teleport Other           Tloc           8%         N/A       34%         3
 Manifold Assault         Tloc           8%         N/A       97%         5

Inventory:

Hand Weapons
 j - a +0 flail
 Y - a +0 hand axe (weapon)
Armour
 b - a +0 leather armour (worn)
Potions
 h - 3 potions of mutation {unknown}
 i - a potion of haste {unknown}

Dungeon Overview and Level Annotations

Branches:
Dungeon (2/15)

Altars:

Annotations:
D:2 Terence


Message History

HP restored.
You see here an adder corpse.
Found a dagger.
An endoplasm comes into view.
Found a ring mail.
The endoplasm quivers.
You hit the endoplasm but do no damage. The endoplasm freezes you.
You are frozen.
You hit the endoplasm.
You kill the endoplasm!
You start resting.
HP restored.
An endoplasm comes into view.
The endoplasm quivers.
The endoplasm moves out of view.
Terence the Incautious comes into view.
He is wielding a +0 flail.
Found 18 gold pieces.
You barely miss the endoplasm. You claw the endoplasm. You peck the endoplasm.
You kill the endoplasm!
Terence shouts!
You hit Terence but do no damage. You claw Terence.
Terence is lightly wounded.
Terence hits you with a +0 flail.
You completely miss Terence.
Terence is lightly wounded.
Terence hits you with a +0 flail!
You hit Terence. Your kick misses Terence. You peck Terence.
Terence is heavily wounded.
Terence closely misses you.
You hit Terence.
Terence is severely wounded.
Terence hits you with a +0 flail! Terence closely misses you.
You barely miss Terence. You claw Terence.
Terence is almost dead.
Terence hits you with a +0 flail.
You hit Terence but do no damage. You claw Terence.
Terence is almost dead.
Terence hits you with a +0 flail!
You die...

### #.### #...# #.#.#
#.#.# #.#[#####.
######.@@.....$ ..
#.......#.##### ...
#.####.## .# ###.#
####.## .. #.... #.....#
#. #.... #.....# # #.<..
#.....#####..#####....
#......)..............
#.#.....#.......##......


You could see Terence.

Vanquished Creatures
  An adder (D:2)
  A gnoll (D:1)
  7 endoplasms
  4 giant cockroaches
  A goblin (D:1)
  7 hobgoblins
  4 jackals (D:1)
  7 kobolds
  A quokka (D:1)
  2 ball pythons (D:1)
  5 bats
  4 frilled lizards (D:1)
  A rat (D:1)
45 creatures vanquished.

Notes
Turn   | Place    | Note
-------+----------+-------------------------------------------
     0 | D:1      | qw the Tengu Warper began the quest for the Orb.
     0 | D:1      | Reached XP level 1. HP: 12/12 MP: 4/4
     0 | D:1      | 0 ||| qw: Version: 0.1-a-89-g26bdef1
     0 | D:1      | 0 ||| qw: Game counter: 3457
     0 | D:1      | 0 ||| qw: Always use a shield: true
     0 | D:1      | 0 ||| qw: God list: Okawaru
     0 | D:1      | 0 ||| qw: Allow faded altars: false
     0 | D:1      | 0 ||| qw: Do Orc after D:15 true
     0 | D:1      | 0 ||| qw: Do second Lair branch before Depths: true
     0 | D:1      | 0 ||| qw: Lair rune preference: random
     0 | D:1      | 0 ||| qw: Plans: Normal
     0 | D:1      | 0 ||| PLANNING D:1-11
   248 | D:1      | Reached skill level 3 in Axes
   248 | D:1      | Reached XP level 2. HP: 11/17 MP: 6/6
   479 | D:1      | 479 ||| Stepping ~*~*~tactically~*~*~ (stealth).
   634 | D:1      | Reached XP level 3. HP: 19/21 MP: 7/7
   866 | D:1      | Reached skill level 4 in Axes
  1138 | D:1      | 1138 ||| DROPPING +0 whip.
  1327 | D:1      | Found a faded altar of an unknown god.
  1427 | D:1      | 1427 ||| READING scroll labelled LEGRYNW HIJEWOENA.
  1428 | D:1      | 1428 ||| READING scroll labelled MAXKIL XIOFAEMP.
  1429 | D:1      | 1429 ||| READING scroll labelled TAZIATSAEXU.
  1430 | D:1      | 1430 ||| READING scroll labelled AVOGOWNOABB.
  1434 | D:1      | 1434 ||| DROPPING scroll of blinking.
  1532 | D:2      | Reached XP level 4. HP: 22/26 MP: 8/8
  1589 | D:2      | 1589 ||| Stepping ~*~*~tactically~*~*~ (stealth).
  1683 | D:2      | Noticed Terence
  1693 | D:2      | HP: 3/26 [Terence/+0 flail (12)]
  1695 | D:2      | Mangled by Terence

Levels and vault maps discovered:
D:1:      psy_arrival_terrarium, layout_basic,
          hellmonk_ecumenical_altar_inner_sanctum
D:2:      layout_rooms, uniq_sigmund, uniq_terence

Skill      XL: |  1  2  3 |
---------------+----------+-----
Axes           | 3 4 |  4.8
Fighting       | |  2.0
Throwing       | |  1.0
Armour         | |  1.1
Dodging        | |  2.1
Spellcasting   | |  2.0
Translocations | |  2.4

Action                   |  1- 3 |  4- 6 || total
-------------------------+-------+-------++-------
Melee: Hand axe          |    91 |    19 ||   110
       Kick              |    21 |     5 ||    26
       Peck              |     9 |     3 ||    12
Throw: Boomerang         |     7 |       ||     7
  Use: Scroll            |     4 |       ||     4
Armor: Leather armour    |    24 |     2 ||    26
Dodge: Dodged            |    50 |     7 ||    57

Table legend:
 A = Non-vault XP
 B = Vault XP
 C = Vault XP percentage of total XP
 D = Non-vault monster count
 E = Vault monster count
 F = Vault count percentage of total count
                 A         B        C        D         E       F
            +---------+---------+-------+---------+---------+-------
      Total |     104 |       0 |   0.0 |      45 |       0 |   0.0
            +---------+---------+-------+---------+---------+-------
        D:1 |      73 |       0 |   0.0 |      35 |       0 |   0.0
        D:2 |      31 |       0 |   0.0 |      10 |       0 |   0.0
            +---------+---------+-------+---------+---------+-------
